 Dungeon Crawl Stone Soup version 0.30.1-9-gdf580d7c3d (webtiles) character file.

Game seed: 14502051657929894894

197 eliilek the Shield-Bearer (level 5, -3/47 HPs)
             Began as a Minotaur Fighter on Oct 5, 2023.
             Succumbed to Crazy Yiuf's poison
             ... on level 3 of the Dungeon.
             The game lasted 00:04:50 (2027 turns).

eliilek the Shield-Bearer (Minotaur Fighter)        Turns: 2027, Time: 00:04:51

Health: -3/47      AC:  8    Str: 21    XL:     5   Next: 46%
Magic:  4/4        EV:  9    Int:  5    God:
Gold:   188        SH:  5    Dex: 11    Spells: 4/4 levels left

rFire   . . .        a - +0 flail
rCold   . . .        c - +0 buckler
rNeg    . . .        b - +0 scale mail
rPois   .            (helmet restricted)
rElec   .            (no cloak)
rCorr   .            i - +0 pair of gloves
SInv    .            (no boots)
Will    .....        (no amulet) Stlth
                     (no ring)
HPRegen 0.27/turn    (no ring)
MPRegen 0.09/turn

%: no passive effects
@: lethally poisoned (-3 -> -18)
A: horns 2, retaliatory headbutt
a: no special abilities


You were on level 3 of the Dungeon.
You visited 1 branch of the dungeon, and saw 3 of its levels.

You collected 188 gold pieces.

Inventory:

Hand Weapons
 a - a +0 flail (weapon)
Missiles
 g - 2 throwing nets (quivered)
 j - 3 atropa-tipped darts
Armour
 b - a +0 scale mail (worn)
 c - a +0 buckler (worn)
 i - a +0 pair of gloves (worn)
Scrolls
 h - a scroll of magic mapping {unknown}
 k - a scroll of teleportation {unknown}
 m - a scroll of identify {unknown}
 n - a scroll of torment {unknown}
 o - a scroll of summoning {unknown}
Potions
 d - a potion of might
 e - 2 potions of flight {unknown}
 f - a potion of haste {unknown}
 l - 2 potions of heal wounds {unknown}
 p - a potion of mutation {unknown}
 q - a potion of brilliance {unknown}


   Skills:
 + Level 4.4 Fighting
 * Level 4.4 Maces & Flails
 + Level 4.4 Armour
 * Level 5.3 Shields


You had 4 spell levels left.
You didn't know any spells.
Your spell library contained the following spells:

 Spells                   Type           Power      Damage    Failure   Level
 Cause Fear               Hex            0%         N/A       100%        4
 Dragon Form              Tmut           0%         N/A       100%        7
 Dragon's Call            Summ           0%         N/A       100%        9


Dungeon Overview and Level Annotations

Branches:
Dungeon (3/15)

Altars:

Shops:
D:2 (

Annotations:
D:3 Crazy Yiuf


Innate Abilities, Weirdness & Mutations

You have a pair of horns on your head.
You reflexively headbutt those who attack you in melee.


Message History

No target in view!
You open the door.
There is an open door here.
There is an open door here.
Found a stone staircase leading down.
No target in view!
No target in view!
No target in view!
Found a hammer.
Found a runed translucent door.
Crazy Yiuf shouts!
Crazy Yiuf laughs, "Snurf!
Key arga eyeball."
Press: ? - help, v - describe, . - travel, g - get item Item here: a hammer.
The floor.
Could not travel, unopened runed door.
You open the door. You barely miss Crazy Yiuf. You headbutt Crazy Yiuf.
Crazy Yiuf is lightly wounded.
Crazy Yiuf whimpers, "Fire!"
Crazy Yiuf hits you with a +2 quarterstaff of chaos.
You are electrocuted!!
Crazy Yiuf hits you with a +2 quarterstaff of chaos!
* * * LOW HITPOINT WARNING * * *
Okay, then.
Crazy Yiuf cries, "You leg down broken song, no?"
Crazy Yiuf attacks as you move away!
Crazy Yiuf hits you with a +2 quarterstaff of chaos!
* * * LOW HITPOINT WARNING * * *
Crazy Yiuf cries, "Line sizzlefizz pontify!"
Crazy Yiuf barely misses you. Crazy Yiuf attacks as you move away!
Crazy Yiuf closely misses you. You furiously retaliate!
You headbutt Crazy Yiuf. Crazy Yiuf attacks as you move away!
Crazy Yiuf closely misses you. You furiously retaliate!
You headbutt Crazy Yiuf!
Crazy Yiuf laughs, "Whiteboard!
Goober sow noodlescoop."
Crazy Yiuf attacks as you move away!
Crazy Yiuf hits you with a +2 quarterstaff of chaos.
* * * LOW HITPOINT WARNING * * *
You are lethally poisoned!
You die...

........#.##.#...........#.......
........#.##.#.........#.#.##.###
........#.##.#.............##.###
........#.##.#........###..##....
################............#####
#......##.#.......
♣♣♣♣♣##......+..#....... ###
♣♣♣.♣..#.......####.<.....
#...#♣..♣...g.@.########+#.....
#...'.♣♣♣♣......# ............. #
#)..#♣♣ ♣♣.#..## .#.......#### #
### ♣♣#### #.......# # #.......#
#.......# #.......# #.......#
#.......#


You could see Crazy Yiuf.

Vanquished Creatures
  An orc priest (D:3)
  An orc wizard (D:3)
  Robin (D:3)
  3 gnolls (D:2)
  3 adders (D:3)
  3 dart slugs
  2 orcs (D:3)
  3 endoplasms
  2 giant cockroaches (D:2)
  11 goblins
  8 hobgoblins
  6 jackals
  6 ball pythons
  A bat (D:2)
  2 frilled lizards (D:2)
  7 kobolds
  8 rats
68 creatures vanquished.

Notes
Turn   | Place    | Note
-------+----------+-------------------------------------------
     0 | D:1      | eliilek the Minotaur Fighter began the quest for the Orb.
     0 | D:1      | Reached XP level 1. HP: 19/19 MP: 0/0
   132 | D:1      | Reached XP level 2. HP: 27/27 MP: 1/1
   206 | D:1      | Reached skill level 4 in Shields
   571 | D:2      | Identified the +7 hand axe of the Distant Future {heavy,
                  | Int+5 SInv}
   677 | D:2      | Found Xiussif's Antique Weapon Emporium.
   742 | D:2      | Reached XP level 3. HP: 30/33 MP: 2/2
   899 | D:2      | Reached XP level 4. HP: 40/40 MP: 3/3
  1066 | D:2      | Found a faded altar of an unknown god.
  1156 | D:3      | Noticed Robin
  1237 | D:3      | Killed Robin
  1487 | D:3      | Reached skill level 5 in Shields
  1488 | D:3      | Reached XP level 5. HP: 28/46 MP: 4/4
  2012 | D:3      | Found a runed translucent door.
  2013 | D:3      | Noticed Crazy Yiuf
  2027 | D:3      | HP: 1/47 [Crazy Yiuf/+2 quarterstaff of chaos (6)]
  2027 | D:3      | Succumbed to Crazy Yiuf's poison

Illustrated notes

Levels and vault maps discovered:
D:1:      evilmike_arrival_fibonacci_small, layout_basic
D:2:      layout_basic, serial_shops, nicolae_shop_hallway_plus,
          shapermc_ecumenical_altar_mp_highgroup
D:3:      layout_basic, minmay_misc_feat_doors, minmay_misc_feat_plants,
          grunt_ministairs_15, uniq_crazy_yiuf_cottage, uniq_robin

Skill      XL: |  1  2  3  4 |
---------------+-------------+-----
Shields        | 4 5 |  5.3
Maces & Flails | 3 4 |  4.4
Armour         | 4 |  4.4
Fighting       | 4 |  4.4

Action                     |  1- 3 |  4- 6 || total
---------------------------+-------+-------++-------
  Melee: Flail             |    77 |    82 ||   159
         Headbutt          |     9 |    16 ||    25
 Armour: Scale mail        |    50 |    40 ||    90
  Dodge: Dodged            |    39 |    42 ||    81
  Block: Buckler           |    12 |    33 ||    45
